 Dungeon Crawl Stone Soup version 0.30-a0-1006-g5d778dfbfc (webtiles) character file.

Game seed: 10300632117660758151

7663 kae the Transmogrifier (level 10, -3/80 HPs)
             Began as a Demonspawn Transmuter on Apr 5, 2023.
             Was an Initiate of Ashenzari.
             Slain by an orc
             ... wielding a +0 war axe
              (11 damage)
             ... in a bailey.
             The game lasted 00:15:08 (11919 turns).

kae the Transmogrifier (Demonspawn Transmuter)     Turns: 11919, Time: 00:15:09

Health: -3/80      AC:  9    Str: 11    XL:     10   Next: 99%
Magic:  0/20       EV: 11    Int: 19    God:    Ashenzari [......]
Gold:   2033       SH:  0    Dex: 19    Spells: 13/23 levels left

rFire   x . .      SeeInvis .      - Unarmed
rCold   + + +      Faith    .    (shield currently unavailable)
rNeg    . . .      Spirit   +    a - melded +0 robe "Share My Urgency" {Range, Alch} (curse)
rPois   +          Reflect  .    (helmet currently unavailable)
rElec   .          Rampage  .    o - melded +1 cloak
rCorr   .                        (gloves currently unavailable)
Will    .....                    (boots currently unavailable)
Stlth   ++                       G - amulet of guardian spirit
HPRegen 0.33/turn                D - +6 ring of dexterity
MPRegen 0.17/turn                Z - ring of wizardry

@: ice-form (expiring), wereblooded, hasted, invisible, very quick
A: freezing attack, amphibious, boosted hp, large, (molten scales 2), ignite
blood 1
a: End Transformation, Renounce Religion, Curse Item, Shatter the Chains


You were in a bailey.
You worshipped Ashenzari.
Ashenzari was noncommittal.
You were a creature of crystalline ice.
You visited 2 branches of the dungeon, and saw 11 of its levels.
You also visited: Sewer and Bailey.

You collected 2198 gold pieces.
You spent 165 gold pieces at shops.


Innate Abilities, Weirdness & Mutations

You are a creature of crystalline ice.
You have a powerful freezing melee attack.
You are amphibious.
Your maximum health is increased.
Your armour is entirely melded.
You are incapable of wielding weapons or throwing items.
((You are mostly covered in molten scales. (AC +3)))
Your demonic aura sometimes causes spilled blood to erupt in flames.


   Skills:
 + Level 2.2 Fighting
 + Level 2.6 Dodging
 * Level 7.8 Unarmed Combat
 - Level 7.2 Spellcasting
 - Level 9.8 Transmutations
 - Level 6.0 Ice Magic
 - Level 2.0 Poison Magic


You had 13 spell levels left.
You knew the following spells:

 Your Spells              Type           Power      Damage    Failure   Level
a - Beastly Appendage     Tmut           88%        N/A       1%          1
b - Wereblood             Tmut           44%        N/A       1%          2
c - Spider Form           Tmut/Pois      29%        N/A       1%          3
d - Ice Form              Ice/Tmut       36%        N/A       1%          4

Your spell library contained the following spells:

 Spells                   Type           Power      Damage    Failure   Level
 Freeze                   Ice            100%       1d10      1%          1
 Ensorcelled Hibernation  Hex/Ice        36%        N/A       1%          2
 Frozen Ramparts          Ice            58%        1d9       1%          3
 Ozocubu's Armour         Ice            29%        N/A       1%          3
 Hailstorm                Conj/Ice       18%        3d6       3%          3
 Magic Dart               Conj           24%        1d4       4%          1
 Cigotuvi's Dreadful Rot  Necr/Pois/Air  18%        N/A       4%          2
 Call Imp                 Summ           6%         N/A       6%          2
 Mephitic Cloud           Conj/Pois/Air  9%         N/A       9%          3
 Call Canine Familiar     Summ           6%         N/A       12%         3
 Gell's Gravitas          Tloc           6%         N/A       12%         3
 Portal Projectile        Hex/Tloc       12%        N/A       12%         3
 Teleport Other           Tloc           6%         N/A       12%         3
 Metabolic Englaciation   Hex/Ice        9%         N/A       32%         5
 Anguish                  Hex/Necr       3%         N/A       36%         4
 Dispel Undead            Necr           6%         3d8       36%         4
 Leda's Liquefaction      Hex/Erth       3%         N/A       36%         4
 Silence                  Hex/Air        3%         N/A       69%         5
 Ozocubu's Refrigeration  Ice            14%        4d10      94%         7
 Conjure Ball Lightning   Conj/Air       3%         3x3d6     99%         6
 Death Channel            Necr           3%         N/A       99%         6
 Dispersal                Tloc           3%         N/A       99%         6
 Discord                  Hex            3%         N/A       100%        8
 Disjunction              Tloc           3%         N/A       100%        8

Inventory:

Missiles
 h - 25 poisoned darts
 i - 105 stones
 l - 3 boomerangs
 A - a throwing net {=f!f}
Armour
 a - the cursed +0 robe "Share My Urgency" (melded) {Range, Alch}

   It has a curse which improves the following skills: Ranged Combat: Ranged
   Weapons and Throwing.
   Alchemy:   Poison Magic and Transmutations.
 o - a +1 cloak (melded)
   (You took it off Crazy Yiuf on level 2 of the Dungeon)
Magical Staves
 c - a staff of earth {!a}
   (You found it on level 1 of the Dungeon)
 j - a staff of earth {!a}
   (You found it on level 3 of the Dungeon)
Jewellery
 n - a ring of positive energy
   (You found it on level 4 of the Dungeon)
 v - a ring of see invisible
   (You found it on level 4 of the Dungeon)
 D - a +6 ring of dexterity (left front paw)
   (You found it on level 2 of the Dungeon)
 F - a ring of fire
   (You found it on level 4 of the Dungeon)
 G - an amulet of guardian spirit (around neck)
   (You found it on level 2 of the Dungeon)
 L - a ring of flight
   (You found it on level 2 of the Dungeon)
 Z - a ring of wizardry (right front paw)
   (You bought it in a shop on level 1 of the Dungeon)
Wands
 y - a wand of charming (8)
   (You found it on level 8 of the Dungeon)
 B - a wand of digging (2)
   (You found it on level 9 of the Dungeon)
Scrolls
 m - 3 scrolls of fog
 p - 4 scrolls of identify {@r1}
 q - 3 scrolls of blinking {!r}
 s - a scroll of summoning
 t - 3 scrolls of poison {!r}
 u - 2 scrolls of enchant weapon
 w - 2 scrolls of immolation {!r!r}
 z - a scroll of magic mapping {!r}
 E - a scroll of acquirement
Potions
 b - a potion of lignification {!q}
 d - 2 potions of degeneration {!q}
 e - 2 potions of heal wounds {@q2}
 f - 2 potions of haste {@q3}
 g - 5 potions of brilliance
 k - a potion of resistance
 r - 2 potions of mutation {!q}
 C - 2 potions of attraction {!q}
 N - 2 potions of curing {@q1}
Miscellaneous
 H - a tin of tremorstones (2/2)
   (You found it on level 9 of the Dungeon)

Dungeon Overview and Level Annotations

Branches:
Dungeon (10/15) Zot: 26871  Temple (1/1) D:6 Zot: 5771   Sewer (visited)
 Bailey (1/1) Zot: 5708
   Lair: D:8-11         Orc: D:9-12

Altars:
Ashenzari
Cheibriados
Dithmenos
Fedhas
Gozag
Hepliaklqana
Kikubaaqudgha
Makhleb
Nemelex Xobeh
Okawaru
Qazlal
Ru
Sif Muna
Trog
Uskayaw
Vehumet
Wu Jian
Xom
Yredelemnul

Shops:
D:1 *   D:9 (

Portals:
Trove: D:10 (give horn of Geryon)

Annotations:
D:8 exclusion: electric eel
D:9 2 transporters
D:10 Erica

### ####### ....
########.....##
.....#.....#.......#####
..#..'o!o..'...##..#....
..o..'.Yo..'))..8..'....
..#..ooo°).'...##..#....
.....#.o...#.......#####
.... ########.....## ###
#######


You could see an orc warrior (strong, unable to see you) and 7 orcs.


Message History

😨 HP[+1] Unknown command.
You hit the orc knight. You freeze the orc knight. The orc barely misses you.
The orc closely misses you. x2
The orc knight is engulfed in blazing flames.
The orc knight barely misses you.
An orc warrior comes into view. It is wielding a +0 halberd.
You catch the helpless orc knight completely off-guard!
You hit the orc knight but do no damage. 😨 MP[+1] Unknown command.
You catch the helpless orc knight completely off-guard!
You hit the orc knight. You freeze the orc knight. The orc knight misses you.
The orc hits you but does no damage. The orc hits you with a +0 war axe!
* * * LOW HITPOINT WARNING * * *
The orc hits you but does no damage.
The orc knight is engulfed in blazing flames.
You feel a bit better.
You kill the orc knight! 😨 HP[-2] MP[-1]
You now have 80 max hp (+2).
You lost 1 mp, and now have 6/20 mp.
Unknown command.
You feel much better. The orc knight barely misses you.
The orc hits you from afar with a +0 spear.
The orc closely misses you. The orc hits you with a +0 war axe!
* * * LOW HITPOINT WARNING * * *
😨 HP[+9] MP[-1]
You regained 9 hp, and now have 38/80 hp.
You lost 1 mp, and now have 5/20 mp.
You pummel the orc!! You freeze the orc.
You feel a bit better.
You kill the orc! 😮 HP[+3]
You regained 3 hp, and now have 41/80 hp.
You hit the orc but do no damage. The orc barely misses you. x2 😮 HP[+1]
You hit the orc knight. You freeze the orc knight. You punch the orc knight!
You freeze the orc knight!
The orc knight is engulfed in blazing flames.
The orc barely misses you. The orc hits you with a +0 trident!
* * * LOW HITPOINT WARNING * * *
The orc closely misses you. 😨 HP[-6] MP[-1]
You take 6 damage, and now have 36/80 hp.
You lost 1 mp, and now have 4/20 mp.
Your transformation is almost over.
Things that are here:
a +0 hand axe; a potion of heal wounds {@q2}; an orc corpse You strike the helpless orc knight from behind!
You punch the orc knight! You freeze the orc knight.
You hear a shout!
The orc knight is engulfed in blazing flames.
The orc knight roars a battlecry!
The orc goes into a battle-frenzy!
The orc hits you but does no damage. The orc hits you with a +0 trident!
* * * LOW HITPOINT WARNING * * *
The orc closely misses you. The orc misses you. 😨 HP[-12] MP[-1]
You take 12 damage, and now have 24/80 hp.
You lost 1 mp, and now have 3/20 mp.
You punch the orc knight! You freeze the orc knight.
The orc knight is engulfed in blazing flames.
The orc knight closely misses you. The orc hits you with a +0 spear!
* * * LOW HITPOINT WARNING * * *
The orc closely misses you. x2
An orc comes into view.
It is wielding a +0 halberd. 😱 HP[-6] MP[-1]
You take 6 damage, and now have 18/80 hp.
You lost 1 mp, and now have 2/20 mp.
You barely miss the orc knight. 😱 HP[+1] MP[+1] Unknown command.
You hit the orc knight but do no damage.
The orc knight is engulfed in blazing flames.
You feel a bit better.
You kill the orc knight!
The orc barely misses you. The orc hits you with a +0 trident.
* * * LOW HITPOINT WARNING * * *
The orc warrior hits you with a +0 halberd!!
* * * LOW HITPOINT WARNING * * *
The orc closely misses you.
Your Fighting skill increases to level 2! 😱 HP[-16] MP[-3]
You take 16 damage, and now have 3/80 hp.
You lost 3 mp, and now have 0/20 mp.
You feel much better. 😨 HP[+23]
You regained 23 hp, and now have 26/80 hp.
You hit the orc. You freeze the orc. The orc closely misses you.
The orc hits you with a +0 trident.
* * * LOW HITPOINT WARNING * * *
The orc warrior hits you but does no damage.
The orc barely misses you. 😱 HP[-6]
You take 6 damage, and now have 20/80 hp.
You barely miss the orc.
You howl as the wereblood boils in your veins!
The orc hits you with a +0 war axe!
* * * LOW HITPOINT WARNING * * *
The orc hits you with a +0 war axe!
You die...

Skill      XL: |  1  2  3  4  5  6  7  8  9 10 |
---------------+-------------------------------+-----
Transmutations | 2 3 4 5 6 8 9 |  9.8
Unarmed Combat | 3 4 5 6 7 |  7.8
Poison Magic   | 1 2 |  2.0
Spellcasting   | 3 4 5 6 7 |  7.2
Ice Magic      | 2 3 5 6 |  6.0
Dodging        | 2 |  2.6
Fighting       | 2 |  2.2

Action                     |  1- 3 |  4- 6 |  7- 9 | 10-12 || total
---------------------------+-------+-------+-------+-------++-------
  Melee: Unarmed           |    78 |   140 |   255 |   157 ||   630
         Kick              |    17 |     6 |       |       ||    23
         Headbutt          |     3 |     1 |       |       ||     4
         Punch             |     2 |     1 |       |       ||     3
   Cast: Beastly Appendage |    23 |    12 |     1 |       ||    36
         Spider Form       |     2 |    20 |     8 |       ||    30
         Ice Form          |       |     4 |    36 |    16 ||    56
         Wereblood         |       |     2 |     1 |     7 ||    10
 Invoke: Curse Item        |       |       |     1 |       ||     1
    Use: Scroll            |     3 |    10 |     5 |     3 ||    21
         Potion            |       |       |     3 |     4 ||     7
   Stab: Sleeping          |     2 |     3 |       |       ||     5
         Invisible         |       |       |       |     5 ||     5
 Armour: Robe              |    11 |     6 |       |       ||    17
         Skin              |       |     7 |    71 |    63 ||   141
  Dodge: Dodged            |    43 |    74 |   121 |   118 ||   356

Levels and vault maps discovered:
D:1:      minmay_arrival_three_doors, layout_basic, serial_shops, shop_statue
D:2:      layout_basic, basic_altar, nicolae_concentric_dashed_squares_mild,
          uniq_crazy_yiuf_cottage
D:3:      layout_basic, mainiacjoe_overflow_alcove_4,
          nicolae_dithmenos_shadow_blocks, yredelemnul_altar_generic
D:4:      layout_loops_ring, mainiacjoe_overflow_cross_hatched, serial_glass,
          glass_columns_b, glass_columns_a, gup_sewer_entry_glass,
          uniq_eustachio, uniq_menkaure
D:5:      layout_basic, nicolae_wu_jian_wuxing_cycle, kennysheep_generic_room_3
D:6:      layout_loops_cross, minmay_temple_entry_antechambers, uniq_pikel,
          uniq_prince_ribbit1, uniq_blork_the_orc
D:7:      layout_loops_ring, mainiacjoe_overflow_alcove_1, lemuel_round_altar,
          elyvilon_altar_5
D:8:      layout_basic, fungi_pond_lemuel, kennysheep_generic_room_9
D:9:      layout_rooms, nicolae_ru_awakened_eye,
          gammafunk_temple_overflow_arena,
          chequers_temple_overflow_statue_of_worship, minmay_misc_feat_rugged,
          nicolae_shop_firing_range, uniq_maurice
D:10:     layout_cave_pools, lair_entry_dummy, enter_bailey_2,
          nicolae_trove_entry_crossroad, uniq_erica, uniq_erolcha
Temple:   nicolae_temple_bog_church
Bailey:   bailey_polearm_5, bailey

Notes
Turn   | Place    | Note
-------+----------+-------------------------------------------
     0 | D:1      | kae the Demonspawn Transmuter began the quest for the Orb.
     0 | D:1      | Reached XP level 1. HP: 15/15 MP: 3/3
     0 | D:1      | magus.rc [v1.11.3]
    55 | D:1      | Reached skill level 2 in Transmutations
   130 | D:1      | Gained mutation: You are partially covered in molten
                  | scales. (AC +2) [demonic ancestry]
   130 | D:1      | Reached XP level 2. HP: 15/21 MP: 3/5
   395 | D:1      | Found Butzyasy's Assorted Antiques.
   399 | D:1      | Bought a bubbling red potion for 18 gold pieces
   915 | D:2      | Identified a scroll of acquirement
   915 | D:2      | Acquired 803 gold pieces
   969 | D:2      | Learned a level 2 spell: Wereblood
   980 | D:2      | Reached skill level 3 in Unarmed Combat
  1138 | D:1      | Bought a scroll of identify for 42 gold pieces
  1173 | D:1      | Bought an onyx ring for 105 gold pieces
  1197 | D:2      | Reached XP level 3. HP: 26/26 MP: 4/6
  1201 | D:2      | Learned a level 3 spell: Spider Form
  1413 | D:2      | Found a shimmering altar of Xom.
  1484 | D:2      | Reached skill level 1 in Poison Magic
  1617 | D:2      | Reached skill level 3 in Transmutations
  1617 | D:2      | Reached XP level 4. HP: 32/32 MP: 7/7
  1679 | D:2      | You pick up a book of Frost and begin reading...
  1679 | D:2      | You add the spells Freeze, Frozen Ramparts and Hailstorm to
                  | your library.
  2293 | D:2      | Found a runed translucent door.
  2294 | D:2      | Noticed Crazy Yiuf
  2393 | D:2      | HP: 8/32 [Crazy Yiuf/+3 quarterstaff of chaos (11)]
  2394 | D:2      | Killed Crazy Yiuf
  2395 | D:2      | Gained mutation: You are mostly covered in molten scales.
                  | (AC +3) [demonic ancestry]
  2395 | D:2      | Reached XP level 5. HP: 10/37 MP: 1/9
  2513 | D:3      | Found a basalt altar of Yredelemnul.
  2607 | D:3      | Noticed a black bear
  2617 | D:3      | Killed a black bear
  2618 | D:3      | Reached skill level 3 in Spellcasting
  2618 | D:3      | Reached skill level 2 in Poison Magic
  2619 | D:3      | You pick up a book of Chaos and begin reading...
  2619 | D:3      | You add the spells Conjure Ball Lightning, Disjunction and
                  | Discord to your library.
  2665 | D:3      | You add the spells Silence and Metabolic Englaciation to
                  | your library.
  2665 | D:3      | Got the Reference Book on Floating Frost
  2671 | D:3      | Found a shadowy altar of Dithmenos.
  2690 | D:3      | Learned a level 4 spell: Ice Form
  3064 | D:3      | Found a shimmering blue altar of Sif Muna.
  3211 | D:4      | Found a hide-covered altar of Uskayaw.
  3227 | D:4      | Reached XP level 6. HP: 36/43 MP: 4/11
  3234 | D:4      | Found a glowing drain.
  3260 | Sewer    | Entered a sewer
  3278 | Sewer    | Reached skill level 1 in Ice Magic
  3614 | Sewer    | Reached skill level 4 in Transmutations
  4023 | D:4      | You pick up a book of the Hunter and begin reading...
  4023 | D:4      | You add the spells Call Canine Familiar, Portal Projectile
                  | and Leda's Liquefaction to your library.
  4154 | D:4      | Noticed a sky beast
  4162 | D:4      | Killed a sky beast
  4163 | D:4      | Reached skill level 2 in Ice Magic
  4163 | D:4      | Reached XP level 7. HP: 41/48 MP: 5/12
  4246 | D:4      | HP: 10/48 [orc/+0 war axe (8)]
  4535 | D:4      | You pick up a book of Dreams and begin reading...
  4535 | D:4      | You add the spells Ensorcelled Hibernation and Anguish to
                  | your library.
  4541 | D:4      | You add the spells Ozocubu's Armour and Ozocubu's
                  | Refrigeration to your library.
  4555 | D:4      | Noticed Eustachio
  4570 | D:4      | Killed Eustachio
  4571 | D:4      | Reached skill level 4 in Unarmed Combat
  4785 | D:4      | Reached skill level 4 in Spellcasting
  4785 | D:4      | Reached skill level 3 in Ice Magic
  4834 | D:4      | Noticed Menkaure
  4839 | D:4      | Killed Menkaure
  4840 | D:4      | Reached skill level 5 in Transmutations
  5039 | D:5      | Entered Level 5 of the Dungeon
  5079 | D:5      | Reached XP level 8. HP: 43/54 MP: 4/14
  5222 | D:5      | Reached skill level 4 in Ice Magic
  5361 | D:5      | Found an ornate altar of the Wu Jian Council.
  6293 | D:6      | Noticed Prince Ribbit
  6323 | D:6      | Reached skill level 6 in Transmutations
  6436 | D:6      | Found a staircase to the Ecumenical Temple.
  6478 | Temple   | Entered the Ecumenical Temple
  6667 | Temple   | Became a worshipper of Ashenzari the Shackled
  6875 | D:6      | Noticed Blork the orc
  6875 | D:6      | Noticed a boulder beetle
  6906 | D:6      | HP: 12/54 [boulder beetle (32)]
  7079 | D:6      | Noticed Pikel
  7155 | D:6      | Killed Prince Ribbit
  7156 | D:6      | Reached skill level 5 in Unarmed Combat
  7156 | D:6      | Reached skill level 5 in Spellcasting
  7156 | D:6      | Reached skill level 5 in Ice Magic
  7244 | D:6      | Killed Blork the orc
  7296 | D:6      | Killed Pikel
  7297 | D:6      | Gained mutation: Your demonic aura sometimes causes spilled
                  | blood to erupt in flames. [demonic ancestry]
  7297 | D:6      | Reached XP level 9. HP: 21/59 MP: 2/16
  7468 | D:6      | Reached skill level 7 in Transmutations
  7913 | D:7      | HP: 13/70 [something (7)]
  7914 | D:7      | Reached skill level 6 in Ice Magic
  8487 | D:7      | HP: 15/70 [vampire mosquito (5)]
  8494 | D:7      | Reached skill level 6 in Unarmed Combat
  8494 | D:7      | Reached skill level 6 in Spellcasting
  8494 | D:7      | Reached skill level 8 in Transmutations
  8635 | D:7      | Found an opulent altar of Gozag.
  8720 | D:7      | Found a stormy altar of Qazlal.
  8994 | D:7      | Acquired 639 gold pieces
  9225 | D:8      | You pick up a book of Decay and begin reading...
  9225 | D:8      | You add the spells Cigotuvi's Dreadful Rot, Dispel Undead
                  | and Death Channel to your library.
  9231 | D:8      | You add the spells Gell's Gravitas, Teleport Other and
                  | Dispersal to your library.
  9284 | D:8      | Identified the cursed +0 robe "Share My Urgency" {Range,
                  | Alch}
  9583 | D:8      | Reached XP level 10. HP: 65/65 MP: 14/19
 10304 | D:9      | Noticed a deep elf pyromancer
 10304 | D:9      | Found a transporter.
 10304 | D:9      | Found a burning altar of Makhleb.
 10304 | D:9      | Found a bloodstained altar of Trog.
 10312 | D:9      | Noticed a red ugly thing
 10315 | D:9      | Noticed an orc knight
 10354 | D:9      | Found a transporter.
 10362 | D:9      | Found an iron altar of Okawaru.
 10363 | D:9      | Found an ancient bone altar of Kikubaaqudgha.
 10364 | D:9      | Found a sparkling altar of Nemelex Xobeh.
 10409 | D:9      | Found Ceadgh Zogh's Firing Range.
 10427 | D:9      | Noticed Maurice
 10575 | D:9      | Killed Maurice
 10715 | D:9      | Found a sacrificial altar of Ru.
 10841 | D:9      | Reached skill level 9 in Transmutations
 11243 | D:9      | Reached skill level 7 in Unarmed Combat
 11243 | D:9      | Reached skill level 7 in Spellcasting
 11500 | D:10     | Entered Level 10 of the Dungeon
 11513 | D:10     | Noticed a two-headed ogre
 11513 | D:10     | Noticed a gargoyle
 11521 | D:10     | Killed a gargoyle
 11525 | D:10     | Noticed Erica
 11589 | D:10     | You pick up a book of Minor Magic and begin reading...
 11589 | D:10     | You add the spells Magic Dart, Call Imp and Mephitic Cloud
                  | to your library.
 11607 | D:10     | Found a flagged portal.
 11613 | D:10     | Found a portal to a secret trove of treasure.
 11616 | Bailey   | Entered a bailey
 11637 | Bailey   | HP: 14/78 [orc/+0 halberd (6)]
 11646 | Bailey   | HP: 18/78 [orc/+0 trident (4)]
 11891 | Bailey   | Reached skill level 2 in Dodging
 11892 | Bailey   | Noticed an orc knight
 11897 | Bailey   | Noticed an orc knight
 11906 | Bailey   | Killed an orc knight
 11914 | Bailey   | HP: 18/80 [orc/+0 spear (6)]
 11916 | Bailey   | Killed an orc knight
 11916 | Bailey   | HP: 3/80 [orc warrior/+0 halberd (18)]
 11917 | Bailey   | Reached skill level 2 in Fighting
 11919 | Bailey   | Slain by an orc

Vanquished Creatures
  Pikel (D:6)
  2 orc knights (Bailey)
  Maurice (D:9)
  A gargoyle (D:10)
  Prince Ribbit (D:6)
  A wraith (D:10)
  2 shadows (D:9)
  2 wyverns (D:9)
  3 yaks (D:9)
  Eustachio (D:4)
  A steam dragon (D:7)
  4 vampire mosquitoes (D:7)
  Menkaure (D:4)
  2 acid dragons
  2 water moccasins
  2 sky beasts
  3 orc warriors
  3 black bears
  An ogre (D:6)
  A centaur (D:5)
  A lemure (D:6)
  A phantom (D:5)
  2 kobold brigands
  Blork the orc (D:6)
  3 bullfrogs
  3 scorpions
  4 wights (D:9)
  11 killer bees
  4 howler monkeys
  3 orc priests
  Crazy Yiuf (D:2)
  A gnoll bouda (D:8)
  2 iguanas
  A sleepcap (D:4)
  2 orc wizards
  9 gnolls
  16 adders
  A river rat (Sewer)
  A white imp (D:5)
  4 ufetubi
  3 dart slugs
  34 orcs
  2 bats
  7 endoplasms
  3 giant cockroaches
  5 goblins
  8 hobgoblins
  2 quokkas
  3 training dummies (D:9)
  10 ball pythons
  3 frilled lizards
  12 kobolds
  9 rats
207 creatures vanquished.

Vanquished Creatures (collateral kills)
  A giant cockroach (D:3)
1 creature vanquished.

Grand Total: 208 creatures vanquished

Table legend:
 A = Non-vault XP
 B = Vault XP
 C = Vault XP percentage of total XP
 D = Non-vault monster count
 E = Vault monster count
 F = Vault count percentage of total count
                 A         B        C        D         E       F
            +---------+---------+-------+---------+---------+-------
      Total |    7167 |    3781 |  34.5 |     159 |      48 |  23.2
            +---------+---------+-------+---------+---------+-------
        D:1 |      33 |       0 |   0.0 |      17 |       0 |   0.0
        D:2 |     123 |      40 |  24.5 |      22 |       1 |   4.3
        D:3 |     146 |       0 |   0.0 |       9 |       0 |   0.0
        D:4 |     424 |     423 |  49.9 |      20 |       7 |  25.9
        D:5 |     560 |     101 |  15.3 |      12 |       1 |   7.7
        D:6 |     636 |    1047 |  62.2 |      12 |       3 |  20.0
        D:7 |    1278 |       0 |   0.0 |      18 |       0 |   0.0
        D:8 |    1115 |       0 |   0.0 |      29 |       0 |   0.0
        D:9 |    2246 |     463 |  17.1 |      18 |       4 |  18.2
       D:10 |     606 |       0 |   0.0 |       2 |       0 |   0.0
      Sewer |       0 |     143 | 100.0 |       0 |      15 | 100.0
     Bailey |       0 |    1564 | 100.0 |       0 |      17 | 100.0
            +---------+---------+-------+---------+---------+-------

Illustrated notes

Table legend:
 A = Kills in this place as a percentage of kills in the entire game.
 B = Kills by you in this place as a percentage of kills by you in the entire game.
 C = Kills by friends in this place as a percentage of kills by friends in the entire game.
 D = Other kills in this place as a percentage of other kills in the entire game.
 E = Experience gained in this place as a percentage of experience gained in the entire game.
 F = Experience gained in this place divided by the number of levels of this place that you have seen.
                   A       B       C       D       E      F
               +-------+-------+-------+-------+-------+----------------------
         Total | 100.0 | 100.0 | 100.0 |   N/A | 100.0 | 842.2
       Dungeon |  84.5 |  84.5 | 100.0 |   N/A |  84.4 | 924.1
         Sewer |   7.2 |   7.3 |   0.0 |   N/A |   1.3 | 143.0
        Bailey |   8.2 |   8.3 |   0.0 |   N/A |  14.3 | 1564.0
               +-------+-------+-------+-------+-------+----------------------

Table legend: (Time is in decaauts)
 A = Elapsed time spent in this place.
 B = Non-inter-level travel time spent in this place.
 C = Inter-level travel time spent in this place.
 D = Time resting spent in this place.
 E = Time spent auto-exploring this place.
 F = Levels seen in this place.
 G = Mean time per level.
                   A        B        C        D        E       F      G
               +--------+--------+--------+--------+--------+-----+--------+
         Total |  11921 |  11433 |    488 |    310 |   9191 |  13 |  917.0 |
       Dungeon |  10809 |  10347 |    462 |    303 |   8406 |  10 | 1080.9 |
        Temple |    228 |    202 |     26 |      0 |    174 |   1 |  228.0 |
         Sewer |    592 |    592 |      0 |      7 |    410 |   1 |  592.0 |
        Bailey |    291 |    291 |      0 |      0 |    201 |   1 |  291.0 |
               +--------+--------+--------+--------+--------+-----+--------+

Top non-repeatable levels by time:
     D:2: 1419 daAuts
     D:6: 1413 daAuts
     D:8: 1339 daAuts
     D:4: 1308 daAuts
     D:5: 1195 daAuts
     D:9: 1162 daAuts
     D:7: 1150 daAuts
     D:1: 1074 daAuts
     D:3: 675 daAuts
   Sewer: 592 daAuts
  Bailey: 291 daAuts
  Temple: 228 daAuts
    D:10: 70 daAuts
